 Dungeon Crawl Stone Soup version 0.19.1-1-g22dce08 (webtiles) character file.

2255 Oxelix the Basher (level 9, -6/71 HPs)
             Began as a Purple Draconian Berserker on Jan 6, 2017.
             Was a Priest of Trog.
             Mangled by a killer bee (9 damage)
             ... on level 7 of the Dungeon.
             The game lasted 00:22:45 (5769 turns).

Oxelix the Basher (Purple Draconian Berserker)      Turns: 5769, Time: 00:22:46

Health: -6/71      AC:  7    Str: 21    XL:     9   Next: 15%
Magic:  9/9        EV: 13    Int:  7    God:    Trog [***...]
Gold:   384        SH:  0    Dex: 11    Spells: 0 memorised, 8 levels left

rFire  . . .     SeeInvis +     h - +0 great mace
rCold  . . .     Gourm    .     (armour unavailable)
rNeg   . . .     Faith    .     (shield currently unavailable)
rPois  .         Spirit   .     (helmet restricted)
rElec  .         Reflect  .     (no cloak)
rCorr  .         Harm     .     (no gloves)
MR     ++++.                    (no boots)
Stlth  ++........               (no amulet)
                                k - ring of stealth
                                o - ring of see invisible

@: lethally poisoned (-6 -> -7), exhausted, short of breath, regenerating,
slowed, very slow
A: breathe power, unfitting armour, horns 1, magic resistance 1, screaming 1,
weak 1, cold-blooded, AC +7
a: Breathe Dispelling Energy, Berserk, Trog's Hand, Burn Spellbooks, Renounce
Religion


You were on level 7 of the Dungeon.
You worshipped Trog.
Trog was most pleased with you.
You were near starving.

You visited 1 branch of the dungeon, and saw 7 of its levels.

You collected 384 gold pieces.

Inventory:

Hand Weapons
 a - a +0 mace
 g - a +0 whip
 h - a +0 great mace (weapon)
Missiles
 p - 2 tomahawks (quivered)
Jewellery
 e - an uncursed ring of protection from cold
 k - a ring of stealth (right hand)
 o - a ring of see invisible (left hand)
Wands
 c - a wand of paralysis (16/24)
 l - a wand of paralysis (8/24)
Scrolls
 i - 4 scrolls of teleportation
 j - 8 scrolls of identify
 n - 3 scrolls of remove curse
Comestibles
 b - 7 bread rations
 d - 5 meat rations
 f - 3 fruits
 m - a slice of pizza


   Skills:
 - Level 4.1 Fighting
 * Level 14.5 Maces & Flails
 - Level 3.3 Dodging
 - Level 0.2 Stealth


You had 8 spell levels left.
You didn't know any spells.

Dungeon Overview and Level Annotations

Branches:
Dungeon (7/15)             Temple (0/1) D:7

Altars:
Fedhas
Gozag
Hepliaklqana
Kikubaaqudgha
Makhleb
Nemelex Xobeh
Qazlal
Trog
Uskayaw
Vehumet
Xom

Shops:
D:4 [   D:6 ?


Innate Abilities, Weirdness & Mutations

You can breathe bolts of dispelling energy.
Your rich purple scales are hard. (AC +7)
You cannot fit into any form of body armour.
You are cold-blooded and may be slowed by cold attacks.
You have a pair of small horns on your head.
You are resistant to hostile enchantments. (MR+)
You occasionally shout uncontrollably at your foes.
You are weak. (Str -2)


Message History

The killer bee misses you.
You bludgeon the killer bee!!
You kill the killer bee!
Trog accepts your kill.
You feel sick. The killer bee closely misses you.
The killer bee barely misses you.
Okay, then.
You bludgeon the killer bee!!
You kill the killer bee!
Trog accepts your kill.
You feel sick. The killer bee stings you.
* * * LOW HITPOINT WARNING * * *
You barely miss the killer bee. Your headbutt misses the killer bee.
You feel sick. The killer bee closely misses you.
The killer bee barely misses you.
The killer bee stings you but does no damage.
You thump the killer bee!
The killer bee is heavily wounded.
You feel sick. The killer bee stings you!
You die...

...)รท)....#####
#.........# ##.####.#.#
####...#### ##.# #.#.#
#E#...#E# ...# #.#.#
###...### #### #.#.#
#####,* #.#.#####**####
*,#
#......>.,,,.<#####.#**
#######.#####........,*
#....@y.....#*,*,*
#..####...>.#*,*,*
#.......###....#,*
#.#####.#**,##.#,** #.#
#..,,,,,>.,,*
##.######.,,,*****,*
#..........,,* *,*
##..######..,,* *,*
#..........,,,* *,*


You could see a killer bee.

Vanquished Creatures
  Menkaure (D:7)
  3 phantoms
  2 ogres (D:4)
  2 centaurs (D:5)
  The ghost of McKennaii the Magician, an amateur HEWz (D:3)
  A bullfrog (D:7)
  5 killer bees (D:7)
  4 wights (D:7)
  3 hounds
  A centaur skeleton (D:7)
  An orc priest (D:5)
  2 bullfrog skeletons
  2 iguanas
  6 worker ants
  4 orc wizards
  A hound skeleton (D:5)
  A worker ant zombie (D:6)
  A howler monkey skeleton (D:5)
  10 adders
  A shadow imp (D:7)
  An ooze (D:2)
  An adder zombie (D:6)
  2 worms
  2 dart slugs
  4 leopard geckos
  11 orcs
  5 bats
  5 giant cockroaches
  12 goblins
  7 hobgoblins
  2 jackals (D:5)
  4 frilled lizards
  4 kobolds
  A quokka skeleton (D:3)
  A quokka zombie (D:7)
  8 rats
122 creatures vanquished.

Vanquished Creatures (others)
  6 plants (D:4)
6 creatures vanquished.

Grand Total: 128 creatures vanquished

Notes
Turn   | Place    | Note
-------+----------+-------------------------------------------
     0 | D:1      | Oxelix the Draconian Berserker began the quest for the Orb.
     0 | D:1      | Reached XP level 1. HP: 19/19 MP: 1/1
   353 | D:1      | Reached XP level 2. HP: 26/26 MP: 2/2
   706 | D:1      | Gained mutation: You are weak. (Str -2) [potion of mutation]
   706 | D:1      | Gained mutation: You are resistant to hostile enchantments. (MR+) [potion of mutation]
   706 | D:1      | Gained mutation: You occasionally shout uncontrollably at your foes. [potion of mutation]
  1100 | D:2      | Reached XP level 3. HP: 33/33 MP: 3/3
  1126 | D:2      | Reached ** piety under Trog
  1411 | D:2      | Found an ancient bone altar of Kikubaaqudgha.
  1413 | D:2      | Found a blossoming altar of Fedhas.
  1726 | D:2      | Reached XP level 4. HP: 40/40 MP: 4/4
  1735 | D:2      | Found a burning altar of Makhleb.
  1750 | D:2      | Reached skill level 4 in Maces & Flails
  2329 | D:3      | Found a bloodstained altar of Trog.
  2485 | D:3      | Reached XP level 5. HP: 45/46 MP: 5/5
  2604 | D:3      | Noticed McKennaii's ghost (amateur HEWz)
  2623 | D:3      | Reached skill level 5 in Maces & Flails
  2657 | D:3      | Killed McKennaii's ghost
  2839 | D:3      | Found a hide-covered altar of Uskayaw.
  2971 | D:4      | Found Yroad's Antique Armour Shop.
  2987 | D:4      | Noticed an ogre
  2993 | D:4      | Killed an ogre
  2993 | D:4      | Reached skill level 6 in Maces & Flails
  2993 | D:4      | Reached XP level 6. HP: 52/52 MP: 6/6
  3013 | D:4      | Reached skill level 13 in Maces & Flails
  3013 | D:4      | Your scales start taking on a rich purple colour.
  3013 | D:4      | Reached XP level 7. HP: 59/59 MP: 7/7
  3154 | D:4      | Gained mutation: You have a pair of small horns on your head. [potion of beneficial mutation]
  3577 | D:5      | Entered Level 5 of the Dungeon
  3840 | D:5      | Found a shimmering altar of Xom.
  4069 | D:5      | Reached XP level 8. HP: 66/66 MP: 8/8
  4070 | D:5      | Reached *** piety under Trog
  4275 | D:5      | Found an opulent altar of Gozag.
  4458 | D:6      | Found Mosuimon's Magic Scroll Shoppe.
  4797 | D:6      | Reached skill level 14 in Maces & Flails
  5334 | D:7      | Found a stormy altar of Qazlal.
  5341 | D:7      | Noticed an air elemental
  5392 | D:7      | Noticed Menkaure
  5399 | D:7      | Killed Menkaure
  5502 | D:7      | Reached XP level 9. HP: 60/71 MP: 9/9
  5608 | D:7      | Found a hazy altar of Hepliaklqana.
  5632 | D:7      | Found a sparkling altar of Nemelex Xobeh.
  5632 | D:7      | Found a radiant altar of Vehumet.
  5728 | D:7      | Found a staircase to the Ecumenical Temple.
  5766 | D:7      | HP: 3/71 [poisoned by a killer bee]
  5769 | D:7      | Mangled by a killer bee

Skill      XL: |  1  2  3  4  5  6  7  8 |
---------------+-------------------------+-----
Dodging        | 3 |  3.3
Fighting       | 4 |  4.1
Maces & Flails | 4 6 13 14 | 14.5
Stealth        | |  0.2

Action                   |  1- 3 |  4- 6 |  7- 9 || total
-------------------------+-------+-------+-------++-------
Melee: Mace              |   104 |   117 |     4 ||   225
       Tailslap          |    19 |    23 |    14 ||    56
       Great mace        |     7 |       |   156 ||   163
       Whip              |       |       |     8 ||     8
       Headbutt          |       |       |    21 ||    21
Invok: Berserk           |     1 |     2 |     6 ||     9
       Trog's Hand       |       |     1 |     1 ||     2
 Abil: Breathe Dispellin |       |       |     1 ||     1
Evoke: Wand              |       |       |     1 ||     1
  Use: Scroll            |     4 |     4 |     5 ||    13
       Potion            |     2 |     1 |     8 ||    11
 Stab: Sleeping          |       |     1 |     4 ||     5
       Paralysed         |       |       |     1 ||     1
  Eat: Chunk             |     4 |     5 |    15 ||    24
Armor: Skin              |    29 |    41 |    42 ||   112
Dodge: Dodged            |    72 |    88 |   107 ||   267
